AoeStats
← Barnico

Arena

510430160Analyzed
3v3 RM · 2d ago on Oct 1, 2026· 40m 5s· 6 players
Game mode
Random Map
Map size
Normal (6 player)
Population
200
Speed
Normal
Resources
Standard
Victory
Conquest
Starting age
Dark Age
Ending age
Imperial Age
RankedLock teamsTeams togetherTeam positionsShared explorationLock speedFull tech treeHidden civsTurbo modeCheats
Victory
Defeat
🇦🇷 Bohemians · Argentina
1182
+12
🇦🇷 Wei · Argentina
1153
+13
🇦🇷 Khmer · Argentina
1147
+13
🇺🇸 Italians · United States
1110
-14
🇺🇸 Persians · United States
1091
-13
🇨🇦 Franks · Canada
1051
-11
Tiger333
12:34 Feudal Age
14:17 Double-Bit Axe
16:38 Castle Age
14:38 Loom
14:41 Horse Collar
15:50 Gold Mining
16:44 Wheelbarrow
18:32 Bow Saw
18:36 Heavy Plow
23:10 Hand Cart
24:21 Forging
26:02 Iron Casting
25:57 Husbandry
26:07 Bloodlines
27:01 Stone Mining
31:16 Imperial Age
29:12 Masonry
31:12 Scale Barding Armor
30:58 Fletching
31:08 Padded Archer Armor
32:36 Two-Man Saw
32:10 Crop Rotation
32:16 Architecture
33:48 Blast Furnace
33:09 Chain Barding Armor
32:46 Bodkin Arrow
33:18 Ballistics
32:31 Capped Ram
34:33 Leather Archer Armor
34:06 Town Watch
34:18 Heavy Camel Rider
34:46 Pikeman
35:23 Gambesons
36:46 Gold Shaft Mining
36:47 Stone Shaft Mining
Barnico
3:56 Loom
10:40 Feudal Age
11:25 Double-Bit Axe
17:21 Castle Age
15:46 Stone Mining
18:20 Gold Mining
18:42 Bow Saw
21:19 Scale Barding Armor
21:25 Forging
27:39 Iron Casting
29:32 Town Watch
34:45 Wheelbarrow
34:10 Town Patrol
34:20 Pikeman
35:00 Squires
35:09 Scale Mail Armor
FreePotatoes
10:21 Feudal Age
14:25 Castle Age
12:28 Horse Collar
12:59 Double-Bit Axe
15:05 Heavy Plow
20:40 Wheelbarrow
20:35 Bow Saw
22:38 Hand Cart
23:30 Loom
26:18 Stone Mining
26:19 Gold Mining
26:50 Scale Mail Armor
27:01 Forging
27:21 Squires
27:07 Arson
30:17 Imperial Age
28:27 Stone Shaft Mining
28:42 Ballistics
28:38 Fortified Wall
29:25 Chain Mail Armor
29:46 Iron Casting
29:02 Fletching
29:18 Padded Archer Armor
30:34 Pikeman
31:53 Plate Mail Armor
32:27 Blast Furnace
31:18 Fletching
31:28 Padded Archer Armor
32:18 Conscription
Escaracho
11:15 Feudal Age
14:30 Castle Age
12:31 Double-Bit Axe
13:52 Horse Collar
15:35 Bow Saw
18:58 Stone Mining
21:22 Wheelbarrow
25:18 Imperial Age
23:03 Gold Mining
24:12 Stone Shaft Mining
26:08 Hand Cart
25:41 Loom
26:58 Gold Shaft Mining
26:33 Husbandry
26:43 Bloodlines
26:47 Forging
26:44 Scale Barding Armor
27:38 Heavy Plow
28:31 Conscription
28:13 Tusk Swords
29:14 Iron Casting
28:59 Chain Barding Armor
29:24 Elite Battle Elephant
32:00 Blast Furnace
33:08 Plate Barding Armor
edgun
10:51 Feudal Age
9:43 Loom
11:19 Double-Bit Axe
11:16 Horse Collar
11:28 Gold Mining
18:43 Castle Age
19:49 Bow Saw
19:32 Stone Mining
20:18 Gold Shaft Mining
21:51 Stone Shaft Mining
23:49 Wheelbarrow
23:32 Bloodlines
23:23 Husbandry
25:18 Forging
33:48 Imperial Age
31:41 Heavy Plow
33:34 Iron Casting
33:05 Scale Barding Armor
32:56 Fletching
36:03 Hand Cart
36:21 Crossbowman
37:07 Thumb Ring
37:11 Elite Tiger Cavalry
37:21 Elite Tiger Cavalry
38:43 Bodkin Arrow
39:48 Blast Furnace
39:09 Chain Barding Armor
38:50 Padded Archer Armor
39:56 Chemistry
39:20 Ballistics
40:39 Parthian Tactics
40:30 Bracer
merk0
10:21 Feudal Age
15:52 Castle Age
14:27 Horse Collar
14:36 Double-Bit Axe
17:04 Bow Saw
30:27 Wheelbarrow
33:01 Hand Cart
32:31 Town Watch
34:46 Sanctity
35:22 Horse Collar
35:46 Town Patrol
40:13 Imperial Age
38:30 Wagenburg Tactics
38:54 Heavy Plow
Connection lost

Rejoining the realm…

Still unreachable

The connection could not be restored.

Session expired

The server has moved on; the page needs a fresh start.